 Dungeon Crawl Stone Soup version 0.23-a0-38-g6d804a8 (webtiles) character file.

78011 Gergoth the Bludgeoner (level 15, 0/165 HPs)
             Began as an Ogre Wizard on Aug 5, 2018.
             Was a High Priest of Okawaru.
             Slain by a large slime creature (33 damage)
             ... on level 15 of the Dungeon.
             The game lasted 01:31:36 (32663 turns).

Gergoth the Bludgeoner (Ogre Wizard)               Turns: 32663, Time: 01:31:37

Health: 0/165      AC: 10    Str: 25    XL:     15   Next: 58%
Magic:  31/31      EV: 10    Int: 15    God:    Okawaru [*****.]
Gold:   1346       SH: 13    Dex: 14    Spells: 13/21 levels left

rFire    . . .     SeeInvis +   y - +5 flail (holy)
rCold    . . .     Gourm    .   Y - +2 shield
rNeg     . . .     Faith    .   R - +3 steam dragon scales of Analysis {rCorr MP+9 Str+3}
rPois    +         Spirit   .   O - +1 hat "Jumixkyo" {Str+2 Int-4 Dex+7 SInv}
rElec    .         Reflect  .   l - scarf {repulsion}
rCorr    +         Harm     .   (gloves unavailable)
MR       +....     Rnd*Tele +   (boots unavailable)
Stlth    ++........             F - amulet of regeneration
HPRegen  0.77/turn              v - ring of poison resistance
MPRegen  0.22/turn              C - ring of wizardry

@: drained, repel missiles
A: large, unfitting armour, teleportitis 1, tough skin 1
a: Heroism, Finesse, Renounce Religion


You were on level 15 of the Dungeon.
You worshipped Okawaru.
Okawaru was extremely pleased with you.
You were not hungry.

You visited 4 branches of the dungeon, and saw 23 of its levels.
You also visited: Labyrinth, Sewer and Ossuary.

You collected 2465 gold pieces.
You spent 1119 gold pieces at shops.

Inventory:

Hand Weapons
 g - a +0 giant spiked club
 y - a +5 flail of holy wrath (weapon)
 H - the +9 morningstar "Etiozizuell" {crush, +Fly rC- Str+3 Int+2}
   (Okawaru gifted it to you on level 4 of the Lair of Beasts)

   It inflicts extra damage upon your enemies.
   It affects your strength (+3).
   It affects your intelligence (+2).
   It makes you vulnerable to cold.
   It lets you fly.
 U - the +2 morningstar "Podwav" {holy, MR+ MP+9 Int+3}
   (You bought it in a shop on level 2 of the Orcish Mines)

   It has been blessed by the Shining One to cause great damage to the undead
   and demons.
   It affects your intelligence (+3).
   It affects your resistance to hostile enchantments.
   It affects your magic capacity (+9).
Missiles
 u - 4 steel tomahawks
 I - 13 silver javelins
 J - 13 poisoned javelins
 Z - 13 large rocks (quivered)
Armour
 l - a scarf of repulsion (worn)
 q - the -1 cloak of Ennui {-Cast rN+++ Str+2 Int+2}
   (You found it on level 10 of the Dungeon)

   It affects your strength (+2).
   It affects your intelligence (+2).
   It renders you almost immune to negative energy.
   It prevents spellcasting.
 B - a +2 cloak
 G - a +1 shield
 L - a +0 troll leather armour
 O - the +1 hat "Jumixkyo" (worn) {Str+2 Int-4 Dex+7 SInv}
   (You acquired it on level 1 of the Orcish Mines)

   It affects your strength (+2).
   It affects your intelligence (-4).
   It affects your dexterity (+7).
   It lets you see invisible.
 R - the +3 steam dragon scales of Analysis (worn) {rCorr MP+9 Str+3}
   (Okawaru gifted it to you on level 11 of the Dungeon)

   It affects your strength (+3).
   It affects your magic capacity (+9).
   It provides partial protection from all sources of acid and corrosion.
 V - +0 ice dragon scales
 Y - a +2 shield (worn)
Jewellery
 a - a cursed ring of teleportation {unknown}
 c - an uncursed ring of magical power
 j - the amulet of Amorality {Gourm +Blink Dex+2}
   (You took it off a minotaur in a labyrinth)

   [amulet of the gourmand]

   It allows you to eat raw meat even when not hungry.
   It affects your dexterity (+2).
   It lets you blink.
 s - an uncursed ring of positive energy
 v - a ring of poison resistance (left hand)
 z - an uncursed ring of positive energy
 C - a ring of wizardry (right hand)
 F - an amulet of regeneration (around neck)
 S - an uncursed amulet of faith
Wands
 k - a wand of polymorph (19)
 r - a wand of disintegration (22)
 T - a wand of flame (16)
 W - a wand of digging (7)
Scrolls
 e - 4 scrolls of teleportation
 h - 14 scrolls of remove curse
 m - a scroll of enchant armour
 t - a scroll of fog
 w - 3 scrolls of amnesia
 M - a scroll of holy word
 Q - a scroll of magic mapping
 X - 3 scrolls of enchant weapon
Potions
 f - 6 potions of heal wounds
 i - 4 potions of curing
 n - 5 potions of haste
 o - 2 potions of cancellation
 p - 4 potions of might
 x - a potion of invisibility
 A - a potion of agility
 E - 2 potions of resistance
 N - 2 potions of berserk rage
Miscellaneous
 P - a sack of spiders
Comestibles
 b - 11 chunks of flesh
 d - 40 rations


   Skills:
 + Level 14.7(14.6) Fighting
 + Level 15.8(15.7) Maces & Flails
 - Level 10.0(9.9) Throwing
 - Level 1.7(1.6) Dodging
 - Level 1.4(1.3) Stealth
 - Level 9.0(8.9) Shields
 - Level 3.6(3.5) Spellcasting
 - Level 2.0(1.9) Conjurations
 - Level 0.8(0.7) Summonings
 - Level 0.8(0.7) Translocations
 - Level 2.0(1.9) Air Magic
 - Level 2.0(1.9) Poison Magic
 - Level 10.0(9.9) Invocations


You had 13 spell levels left.
You knew the following spells:

 Your Spells              Type           Power        Failure   Level  Hunger
a - Magic Dart            Conj           #...         3%          1    None
b - Call Imp              Summ           #.......     9%          2    ##.....
c - Blink                 Tloc           N/A          9%          2    ##.....
d - Mephitic Cloud        Conj/Pois/Air  #.......     11%         3    ###....

Your spell library contained the following spells:

 Spells                   Type           Power        Failure   Level  Hunger
 Conjure Flame            Conj/Fire      #.......     16%         3    ###....
 Slow                     Hex            #.......     12%         2    ##.....
 Stone Arrow              Conj/Erth      #.....       16%         3    ###....
 Passwall                 Tmut/Erth      #.......     12%         2    ##.....
 Lee's Rapid Deconstruct  Erth           #.........   88%         5    ######.
 Sandblast                Erth           #.....       8%          1    None
 Petrify                  Tmut/Erth      #.......     56%         4    ####...


Dungeon Overview and Level Annotations

Branches:
Dungeon (15/15)            Temple (1/1) D:5            Lair (5/6) D:11
  Swamp (0/4) Lair:2        Snake (0/4) Lair:4          Orc (2/2) D:9
    Elf (0/3) Orc:2        Vaults (0/5) D:14
  Slime: Lair:5-6    Depths: D:15

Altars:
Ashenzari
Cheibriados
Dithmenos
Elyvilon
Fedhas
Gozag
Hepliaklqana
Kikubaaqudgha
Makhleb
Nemelex Xobeh
Okawaru
Qazlal
Ru
Sif Muna
Trog
Uskayaw
Vehumet
Wu Jian
Xom
Yredelemnul
Zin
The Shining One
Beogh

Shops:
D:8 %(*(   D:13 [[[[:   D:15 (   Orc:1 *   Orc:2 (?:}

Annotations:
D:14 2 transporters, azzavlup's ghost, journeyman MfSk
Lair:5 Rupert


Innate Abilities, Weirdness & Mutations

You are too large for most types of armour.
You have tough skin. (AC +1)
You are occasionally teleported next to monsters.


Message History

You throw a large rock. The large rock hits the slime creature.
The slime creature is moderately wounded.
The slime creature hits you!
* * * LOW HITPOINT WARNING * * *
Throwing (i - inventory. (/) - cycle)
Z - 15 large rocks (quivered)
Press: ? - help, Shift-Dir - straight line, f/p - slime creature
Aim: a slime creature (moderately wounded)
You throw a large rock.
The large rock hits the slime creature!!!
The slime creature is almost dead.
You block the slime creature's attack.
Two slime creatures merge to form a large slime creature.
Throwing (i - inventory. (/) - cycle)
Z - 14 large rocks (quivered)
Press: ? - help, Shift-Dir - straight line, f/p - large slime creature
Aim: a large slime creature (severely wounded)
You throw a large rock.
The large rock hits the large slime creature.
The large slime creature is severely wounded.
The large slime creature hits you!!
You die...

#.#
########.
#.# #. #.#
#########.
#.#
#...†.....
#.#
#.########
####.####.#
#...J.....#
#.#####(###
#@# #J#####
#J# #.((..#
#(# #(##..#
#.#####(#
.#$. .$
#....J..#
#$. .$
##.######
#$. D$ #.#
.D#[ #.#
... #.#
#.##


You could see a large slime creature.

Vanquished Creatures
  Donald (Orc:2)
  An orc warlord (Orc:1)
  A minotaur (Lab)
  An ettin (shapeshifter) (D:13)
  Harold (Orc:1)
  2 ice dragons (D:15)
  A vault guard (D:14)
  The ghost of aaksess the Destroyer, a journeyman GnCj of Vehumet (D:11)
  4 hydras
  3 centaur warriors
  12 two-headed ogres
  2 ogre magi (D:15)
  3 orc high priests (Orc:2)
  Sonja (Lair:3)
  2 wizards
  2 unseen horrors
  2 wolf spider zombies (D:15)
  5 orc knights
  11 ugly things
  6 orc sorcerers
  A manticore (D:15)
  5 cyclopes
  2 black mambas (Lair:3)
  2 gargoyles
  4 komodo dragons
  4 spiny frogs
  A rime drake (Lair:4)
  5 yaktaurs (D:13)
  An efreet (D:14)
  A freezing wraith (D:14)
  A minotaur skeleton (Lab)
  A queen bee (D:15)
  A polar bear (D:11)
  2 hornets (D:12)
  6 meliai
  11 trolls
  5 hippogriffs
  11 slime creatures
  14 blink frogs
  A redback (Lab)
  A shadow (D:15)
  2 spriggans (D:11)
  2 wyverns
  A wraith (D:9)
  3 basilisks
  A yak (shapeshifter) (D:13)
  3 hungry ghosts
  12 yaks
  7 vampire mosquitoes
  2 soldier ants (D:12)
  6 wargs
  An acid dragon (D:15)
  5 water moccasins
  11 porcupines
  3 sky beasts
  2 phantoms (D:14)
  36 orc warriors
  2 ice beasts (D:12)
  2 black bears
  2 necrophages
  14 ogres
  10 wolves
  17 centaurs
  7 crocodiles
  6 big kobolds
  22 bullfrogs
  7 gnoll sergeants (D:9)
  A wyvern zombie (D:14)
  A wyvern skeleton (D:14)
  8 scorpions
  24 killer bees
  9 wights
  An electric eel (Lair:2)
  A howler monkey (D:6)
  3 crimson imps
  5 hounds
  A bullfrog zombie (D:7)
  A quasit (D:11)
  5 centaur zombies
  2 human zombies (Ossuary)
  26 orc priests
  Crazy Yiuf (D:4)
  A gnoll shaman (D:9)
  5 jellies
  33 orc wizards
  2 bullfrog skeletons
  2 centaur skeletons
  Jessica (D:3)
  8 iguanas
  9 worker ants
  A killer bee zombie (D:5)
  2 big kobold zombies (Ossuary)
  3 mummies (Ossuary)
  2 hound skeletons
  3 worker ant zombies
  Robin (D:3)
  2 howler monkey skeletons (D:10)
  9 scorpion zombies (Ossuary)
  16 adders
  16 gnolls
  3 river rats (Sewer)
  3 shadow imps
  2 oozes
  A dart slug (D:1)
  4 leopard geckos
  77 orcs
  6 bats
  6 giant cockroaches
  4 gnoll zombies (Ossuary)
  2 hobgoblins
  11 jackals
  18 kobolds
  A quokka (D:5)
  9 ball pythons
  5 frilled lizards
  19 goblins
  A goblin zombie (Ossuary)
  A kobold zombie (Ossuary)
  A leopard gecko skeleton (D:6)
  A leopard gecko zombie (D:5)
  32 rats
  A plant (D:11)
741 creatures vanquished.

Vanquished Creatures (collateral kills)
  A redback (Lab)
  A spriggan (D:11)
  Edmund (D:4)
  A centaur (D:9)
  2 bullfrogs
  5 scorpions
  3 killer bees (D:9)
  A gnoll shaman (D:5)
  5 gnolls
  2 adders (Sewer)
  A river rat (Sewer)
  An orc (D:6)
  4 ball pythons (Sewer)
  A kobold zombie (Ossuary)
  A rat (Sewer)
30 creatures vanquished.

Vanquished Creatures (others)
  A kobold zombie (Ossuary)
  31 fungi
  12 plants
44 creatures vanquished.

Grand Total: 815 creatures vanquished

Notes
Turn   | Place    | Note
-------+----------+-------------------------------------------
     0 | D:1      | Gergoth the Ogre Wizard began the quest for the Orb.
     0 | D:1      | Reached XP level 1. HP: 16/16 MP: 5/5
    66 | D:1      | Reached skill level 1 in Fighting
   150 | D:1      | Reached XP level 2. HP: 23/28 MP: 0/6
   630 | D:1      | Reached skill level 1 in Maces & Flails
   754 | D:1      | Reached XP level 3. HP: 36/36 MP: 8/8
  1234 | D:2      | Found a hazy altar of Hepliaklqana.
  1331 | D:1      | Reached XP level 4. HP: 23/45 MP: 1/9
  1511 | D:2      | Reached skill level 2 in Maces & Flails
  2128 | D:3      | Noticed Jessica
  2132 | D:3      | Killed Jessica
  2135 | D:3      | Reached XP level 5. HP: 55/55 MP: 4/10
  2170 | D:3      | Found a blossoming altar of Fedhas.
  2212 | D:3      | Noticed Robin
  2254 | D:3      | Killed Robin
  2285 | D:3      | Found a glowing drain.
  2362 | Sewer    | Entered a sewer
  2947 | Sewer    | Reached skill level 5 in Fighting
  2947 | Sewer    | Reached skill level 3 in Maces & Flails
  3015 | Sewer    | Learned a level 2 spell: Call Imp
  3394 | Sewer    | Reached XP level 6. HP: 62/66 MP: 0/11
  4687 | D:4      | Noticed Edmund
  4702 | D:4      | Killed Edmund
  4702 | D:4      | Reached skill level 4 in Maces & Flails
  4818 | D:4      | Reached XP level 7. HP: 62/76 MP: 12/12
  5709 | D:4      | Found an ornate altar of the Wu Jian Council.
  5889 | D:4      | Found a runed door.
  5948 | D:4      | Found a radiant altar of Vehumet.
  5950 | D:4      | Found a snail-covered altar of Cheibriados.
  5957 | D:4      | Found a bloodstained altar of Trog.
  5958 | D:4      | Found an iron altar of Okawaru.
  5962 | D:4      | Became a worshipper of Warmaster Okawaru
  6029 | D:4      | Noticed Crazy Yiuf
  6047 | D:4      | Killed Crazy Yiuf
  6121 | D:5      | Entered Level 5 of the Dungeon
  6260 | D:5      | Found a sand-covered staircase.
  6269 | Ossuary  | Entered an ossuary
  6404 | Ossuary  | Reached skill level 5 in Maces & Flails
  6462 | Ossuary  | Learned a level 2 spell: Blink
  6490 | Ossuary  | Learned a level 3 spell: Mephitic Cloud
  6513 | Ossuary  | Reached skill level 1 in Conjurations
  6619 | Ossuary  | Reached skill level 1 in Air Magic
  6619 | Ossuary  | Reached skill level 1 in Poison Magic
  6619 | Ossuary  | Reached XP level 8. HP: 55/88 MP: 10/13
  7007 | Ossuary  | Reached * piety under Okawaru
  8348 | D:5      | Found a staircase to the Ecumenical Temple.
  8354 | Temple   | Entered the Ecumenical Temple
  8594 | D:5      | Reached skill level 6 in Maces & Flails
  8727 | D:5      | Reached ** piety under Okawaru
  8754 | D:5      | Reached XP level 9. HP: 43/100 MP: 5/14
  9268 | D:5      | Found a glowing golden altar of the Shining One.
 10538 | D:6      | Reached skill level 10 in Fighting
 10694 | D:7      | Found a sacrificial altar of Ru.
 10748 | D:7      | Reached skill level 7 in Maces & Flails
 11625 | D:8      | Found Ironu's Food Shoppe.
 11663 | D:8      | Reached skill level 8 in Maces & Flails
 11681 | D:8      | Found Ywyufep's Assorted Antiques.
 11689 | D:8      | Bought a scroll of identify for 34 gold pieces
 11781 | D:8      | Found Palyfit's Antique Weapon Shop.
 11877 | D:8      | Reached *** piety under Okawaru
 11939 | D:8      | Reached skill level 9 in Maces & Flails
 11950 | D:8      | Found Womurgh's Antique Weapon Shoppe.
 12130 | D:8      | Found a glowing silver altar of Zin.
 13052 | D:9      | Found a basalt altar of Yredelemnul.
 13099 | D:9      | Reached XP level 10. HP: 89/110 MP: 15/15
 13332 | D:9      | Found a staircase to the Orcish Mines.
 13339 | D:9      | Reached skill level 1 in Throwing
 13346 | D:9      | Reached **** piety under Okawaru
 13352 | D:9      | Received a gift from Okawaru
 13352 | D:9      | Reached skill level 10 in Maces & Flails
 13544 | D:9      | Received a gift from Okawaru
 13696 | D:9      | Found Qaol's Gadget Shop.
 13758 | D:9      | Reached skill level 1 in Shields
 13880 | D:9      | Found an ancient bone altar of Kikubaaqudgha.
 14077 | Orc:1    | Entered Level 1 of the Orcish Mines
 14078 | Orc:1    | Noticed Harold
 14174 | D:10     | Entered Level 10 of the Dungeon
 14241 | D:10     | Got an encrusted cloak
 14252 | D:10     | Identified the cursed -1 cloak of Ennui {-Cast rN+++ Str+2 Int+2} (You found it on level 10 of the Dungeon)
 15014 | Orc:1    | Killed Harold
 15014 | Orc:1    | Received a gift from Okawaru
 15014 | Orc:1    | Reached ***** piety under Okawaru
 15014 | Orc:1    | Reached skill level 5 in Throwing
 15118 | Orc:2    | Entered Level 2 of the Orcish Mines
 15122 | Orc:2    | Noticed Donald
 15144 | Orc:1    | Reached XP level 11. HP: 36/117 MP: 11/16
 15276 | D:11     | Reached skill level 11 in Maces & Flails
 15347 | D:11     | Found a runed door.
 15349 | D:11     | Noticed aaksess's ghost (journeyman GnCj)
 15930 | D:11     | Noticed a two-headed ogre
 15936 | D:11     | Killed a two-headed ogre
 15936 | D:11     | Received a gift from Okawaru
 15982 | D:11     | Found a staircase to the Lair.
 16017 | D:11     | Received a gift from Okawaru
 16018 | D:11     | Got faintly humming steam dragon scales {god gift}
 16042 | D:11     | Identified the +3 steam dragon scales of Analysis {rCorr MP+9 Str+3} (Okawaru gifted it to you on level 11 of the Dungeon)
 16569 | D:11     | Killed an unseen horror
 16569 | D:11     | Reached skill level 5 in Shields
 16749 | Lair:1   | Entered Level 1 of the Lair of Beasts
 17244 | Lair:1   | Noticed an eight-headed hydra
 17255 | Lair:1   | Killed an eight-headed hydra
 17618 | Lair:1   | Reached XP level 12. HP: 64/126 MP: 17/17
 18132 | Lair:2   | Reached skill level 12 in Maces & Flails
 18251 | Lair:2   | Found a staircase to the Swamp.
 18724 | Lair:2   | Received a gift from Okawaru
 19293 | Lair:3   | Noticed Sonja
 19296 | Lair:3   | Killed Sonja
 19303 | Lair:3   | Found a labyrinth entrance.
 19330 | Lab      | Entered a labyrinth
 19377 | Lab      | Reached ****** piety under Okawaru
 19777 | Lab      | Noticed a minotaur
 19815 | Lab      | Killed a minotaur
 19819 | Lab      | Got a transparent pewter amulet
 20002 | Lair:3   | Noticed a six-headed hydra
 20009 | Lair:3   | Killed a six-headed hydra
 20009 | Lair:3   | Received a gift from Okawaru
 20166 | Lair:3   | Identified the amulet of Amorality {Gourm +Blink Dex+2} (You took it off a minotaur in a labyrinth)
 20340 | Lair:3   | Received a gift from Okawaru
 21362 | Lair:4   | Found a staircase to the Snake Pit.
 21369 | Lair:4   | Received a gift from Okawaru
 21370 | Lair:4   | Got a slimy morningstar {god gift}
 21371 | Lair:4   | Identified the +9 morningstar "Etiozizuell" {crush, +Fly rC- Str+3 Int+2} (Okawaru gifted it to you on level 4 of the Lair of Beasts)
 21683 | Lair:4   | Reached XP level 13. HP: 101/133 MP: 18/18
 21990 | Lair:4   | Reached skill level 13 in Maces & Flails
 21994 | Lair:4   | Reached skill level 10 in Throwing
 22252 | Lair:5   | Noticed Rupert
 22819 | D:12     | Reached skill level 1 in Invocations
 23068 | D:12     | Received a gift from Okawaru
 24477 | D:13     | Reached skill level 5 in Invocations
 24810 | D:13     | Found Qemidd's Armour Shop.
 25246 | D:13     | Reached skill level 14 in Maces & Flails
 25442 | Orc:2    | Killed Donald
 25568 | Orc:2    | Received a gift from Okawaru
 25624 | Orc:2    | Found a staircase to the Elven Halls.
 25785 | Orc:1    | Noticed an orc warlord
 25840 | Orc:2    | Reached XP level 14. HP: 143/143 MP: 20/20
 26394 | Orc:1    | Found a roughly hewn altar of Beogh.
 26415 | Orc:1    | Found Kadoucwa's Assorted Antiques.
 26420 | Orc:1    | Bought a scroll labeled ZUAZAV UTZEROVOESE for 22 gold pieces
 26430 | Orc:1    | Got a faintly humming hat
 26441 | Orc:1    | Identified the +1 hat "Jumixkyo" {Str+2 Int-4 Dex+7 SInv} (You acquired it on level 1 of the Orcish Mines)
 26494 | Orc:2    | Received a gift from Okawaru
 26619 | Orc:2    | Gained mutation: You are occasionally teleported next to monsters. [a neqoxec]
 26812 | Orc:2    | Received a gift from Okawaru
 27183 | Orc:1    | Reached skill level 10 in Invocations
 27194 | Orc:1    | Killed an orc warlord
 27194 | Orc:1    | Received a gift from Okawaru
 27307 | Orc:1    | Received a gift from Okawaru
 27777 | Orc:2    | Found Somit's Magic Scroll Shoppe.
 27793 | Orc:2    | Found Pes Buorph's Gadget Shop.
 27798 | Orc:2    | Bought a scroll of magic mapping for 49 gold pieces
 27798 | Orc:2    | Bought a scroll of enchant weapon for 105 gold pieces
 27798 | Orc:2    | Bought 2 scrolls of teleportation for 84 gold pieces
 27800 | Orc:2    | Found Ruol's Book Shop.
 27802 | Orc:2    | Found Watecs's Weapon Shoppe.
 27810 | Orc:2    | Bought the +2 morningstar "Podwav" {holy, MR+ MP+9 Int+3} for 825 gold pieces
 27854 | Orc:2    | Received a gift from Okawaru
 28657 | D:13     | Found Wehoc's Antique Armour Emporium.
 28675 | D:13     | Found Suimale's Book Shoppe.
 28854 | D:13     | Found Qiytur's Antique Armour Shop.
 28928 | D:13     | Found Vonocs's Antique Armour Shoppe.
 29469 | D:14     | Found a gate to the Vaults.
 29561 | D:14     | Found a transporter.
 29576 | D:14     | Noticed azzavlup's ghost (journeyman MfSk)
 30076 | D:11     | Got a transparent spear {pierce}
 30114 | D:11     | Killed aaksess's ghost
 30546 | D:14     | Found a transporter.
 30581 | D:14     | Reached skill level 15 in Maces & Flails
 30599 | D:14     | Reached XP level 15. HP: 47/158 MP: 22/22
 30959 | D:15     | Entered Level 15 of the Dungeon
 31005 | D:15     | Received a gift from Okawaru
 31070 | D:15     | Found Acoqippa's Weapon Emporium.
 32663 | D:15     | Slain by a large slime creature

Vault maps used:
D:1:      lightli_arrival_lavapool
D:2:      marbit_many_paths
D:3:      nicolae_overflow_hidden_temple, portal_sewer_entry_a, first_ration,
          uniq_jessica, uniq_robin
D:4:      lemuel_doored_altar, minitemple, uniq_edmund, uniq_crazy_yiuf_cottage
D:5:      nicolae_tso_carved_into_rock, temple_fountains,
          nicolae_ossuary_entry_ruins
D:6:      minmay_door_square
D:7:      nicolae_ru_awakened_eye, roderic_serpentine_path
D:8:      zin_scriptorium, serial_shops, shop, shop, shop, nicolae_shop_trees
D:9:      overflow_temple_1_default, kennysheep_orc_monster_closet_entryway,
          basic_altar, serial_shops, nicolae_shop_crystal
D:11:     due_lair_maze_entry_diamond, ebering_ghost_funeral_grove
D:12:     hangedman_pestilent_swarm
D:13:     serial_shops, nicolae_shop_crystal, shop, nicolae_shop_behind_doors,
          shop_coins, nicolae_shop_behind_doors
D:14:     david_vaults_5, gammafunk_ghost_mausoleum
D:15:     grunt_enter_depths_hoard, serial_shops, nicolae_shop_window_shopping,
          small_statue_intersection, minivault_7
Temple:   minmay_temple_curvy_loop
Lair:1:   grunt_megastairs_1
Lair:2:   minmay_swamp_entry_swarm
Lair:3:   lab_entry_generic, lemuel_fruit_tree, grunt_megastairs_5,
          infiniplex_staircase_pool_2, uniq_sonja
Lair:4:   dummy_snake_entry, wad_woods_road_05
Lair:5:   st_stairs_5, minmay_lair_oklob_chamber, serial_bayou_shore_a,
          uniq_rupert
Orc:1:    basic_altar, serial_shops, shop, uniq_harold
Orc:2:    st_orc_elflike, uniq_donald
Lab:      labyrinth_watery, nicolae_lab_dead_end, lab_fountain,
          nicolae_lab_garden, nicolae_lab_flowing_pool, nicolae_lab_diamond,
          labyrinth_fake_exit, nicolae_lab_statue
Sewer:    sewer_minmay_w
Ossuary:  ossuary_minmay_scorpions

Skill      XL: |  1  2  3  4  5  6  7  8  9 10 11 12 13 14 15 |
---------------+----------------------------------------------+-----
Fighting       | 2 3 4 5 6 7 9 10 12 14 | 14.7
Maces & Flails | 1 2 3 4 5 6 9 10 11 12 14 15 | 15.8
Conjurations   | 1 2 |  2.0
Air Magic      | 1 2 |  2.0
Poison Magic   | 1 2 |  2.0
Throwing       | 5 7 9 10 | 10.0
Shields        | 3 6 8 9 |  9.0
Invocations    | 8 10 | 10.0
Dodging        | |  1.7
Stealth        | |  1.4
Spellcasting   | |  3.6
Summonings     | |  0.8
Translocations | |  0.8

Action                   |  1- 3 |  4- 6 |  7- 9 | 10-12 | 13-15 || total
-------------------------+-------+-------+-------+-------+-------++-------
Melee: Short sword       |    36 |   120 |       |       |       ||   156
       Flail             |       |     4 |   390 |   712 |  1346 ||  2452
Throw: Large rock        |       |       |     4 |    55 |   135 ||   194
       Javelin           |       |       |       |    23 |    84 ||   107
       Tomahawk          |       |       |       |    25 |    20 ||    45
       Throwing net      |       |       |       |     1 |       ||     1
 Cast: Magic Dart        |    57 |   151 |   151 |    22 |     2 ||   383
       Call Imp          |       |    17 |    55 |    27 |     4 ||   103
       Mephitic Cloud    |       |       |     2 |    14 |     1 ||    17
Invok: Heroism           |       |       |       |       |    12 ||    12
       Finesse           |       |       |       |       |     4 ||     4
Evoke: Wand              |       |       |       |     8 |       ||     8
       Sack of spiders   |       |       |       |     1 |       ||     1
  Use: Scroll            |       |     9 |    18 |    24 |    12 ||    63
       Potion            |       |     2 |     1 |     2 |     4 ||     9
 Stab: Sleeping          |     1 |       |       |       |     1 ||     2
       Distracted        |       |     1 |       |       |     1 ||     2
       Confused          |       |       |       |     3 |       ||     3
  Eat: Chunk             |     1 |    12 |    22 |    26 |    30 ||    91
       Ration            |       |       |     2 |     2 |     2 ||     6
Armor: Robe              |    13 |    11 |       |       |       ||    24
       Animal skin       |       |    42 |   115 |    39 |       ||   196
       Troll leather arm |       |       |       |    66 |       ||    66
       Steam dragon scal |       |       |       |   221 |   406 ||   627
       Ice dragon scales |       |       |       |       |    12 ||    12
Dodge: Dodged            |    47 |   114 |   235 |   331 |   464 ||  1191
       Deflected         |       |       |       |       |    21 ||    21
Block: Shield            |       |       |       |    90 |   695 ||   785

Table legend:
 A = Spawn XP
 B = Non-spawn XP
 C = Spawn XP percentage of total XP
 D = Spawn monster count
 E = Non-spawn monster count
 F = Spawn count percentage of total count
 G = Total turns spent on level
                    A         B        C        D         E        F      G
               +---------+---------+-------+---------+---------+-------+---------
         Total |       0 |  111445 |   0.0 |       0 |     770 |   0.0 | 32663
               +---------+---------+-------+---------+---------+-------+---------
           D:1 |       0 |      68 |   0.0 |       0 |      24 |   0.0 |  1133
           D:2 |       0 |      48 |   0.0 |       0 |      17 |   0.0 |   839
           D:3 |       0 |     105 |   0.0 |       0 |      25 |   0.0 |   777
           D:4 |       0 |     413 |   0.0 |       0 |      21 |   0.0 |  1509
           D:5 |       0 |     812 |   0.0 |       0 |      35 |   0.0 |  1666
           D:6 |       0 |     263 |   0.0 |       0 |      15 |   0.0 |  1142
           D:7 |       0 |     609 |   0.0 |       0 |      14 |   0.0 |  1024
           D:8 |       0 |    1201 |   0.0 |       0 |      25 |   0.0 |  1289
           D:9 |       0 |    2438 |   0.0 |       0 |      53 |   0.0 |  1446
          D:10 |       0 |    1452 |   0.0 |       0 |      19 |   0.0 |  1030
          D:11 |       0 |    6312 |   0.0 |       0 |      39 |   0.0 |  1739
          D:12 |       0 |    9218 |   0.0 |       0 |      60 |   0.0 |  2064
          D:13 |       0 |   13153 |   0.0 |       0 |      44 |   0.0 |  1400
          D:14 |       0 |   11118 |   0.0 |       0 |      41 |   0.0 |  1861
          D:15 |       0 |   22064 |   0.0 |       0 |      54 |   0.0 |  1292
        Lair:1 |       0 |    4636 |   0.0 |       0 |      16 |   0.0 |  1346
        Lair:2 |       0 |    3100 |   0.0 |       0 |      19 |   0.0 |  1245
        Lair:3 |       0 |    5751 |   0.0 |       0 |      19 |   0.0 |  1115
        Lair:4 |       0 |    4811 |   0.0 |       0 |      24 |   0.0 |  1519
        Lair:5 |       0 |      93 |   0.0 |       0 |       1 |   0.0 |    28
         Orc:1 |       0 |    6569 |   0.0 |       0 |      45 |   0.0 |  1165
         Orc:2 |       0 |   13998 |   0.0 |       0 |      76 |   0.0 |  1935
           Lab |       0 |    2213 |   0.0 |       0 |       5 |   0.0 |   564
         Sewer |       0 |     272 |   0.0 |       0 |      48 |   0.0 |  1863
       Ossuary |       0 |     728 |   0.0 |       0 |      31 |   0.0 |  1457
               +---------+---------+-------+---------+---------+-------+---------
